 Dungeon Crawl Stone Soup version 0.32-a0-876-gcfddb08e57 (webtiles) character file.

Game seed: 18009215703344644080

15028 smashvw the Eclecticist (level 12, -1/81 HPs)
             Began as a Djinni Conjurer on Apr 1, 2024.
             Was an Elder of Makhleb.
             Slain by a vampire (8 damage)
             ... on level 11 of the Dungeon.
             The game lasted 00:32:18 (14110 turns).

smashvw the Eclecticist (Djinni Conjurer)          Turns: 14110, Time: 00:32:18

Health: -1/81      AC: 13    Str:  6    XL:     12   Next: 52%
Gold:   747        EV: 11    Int: 24    God:    Makhleb [****..] SH:  0 Dex: 13

rFire   + + .        s - staff of earth
rCold   x . .        (no shield)
rNeg    . . .        K - +5 robe of Night {Dark Will+ SInv}
rPois   ∞            m - +0 helmet
rElec   .            a - +2 cloak
rCorr   .            v - +1 pair of gloves
SInv    +            (boots unavailable)
Will    ++...        (no amulet)
Stlth   ++           (no ring)
HPRegen 0.33/turn    (no ring)
MPRegen 0.00/turn

%: infuse magic (-2 HP)
@: about to teleport, marked, flying
A: sickness immunity, fire resistance 2, cold vulnerability 1, float, innate
caster, HP casting, extra vitality 1
a: Renounce Religion, Minor Destruction, Lesser Servant of Makhleb, Major
Destruction


You were on level 11 of the Dungeon.
You worshipped Makhleb.
Makhleb was greatly pleased with you.
You visited 2 branches of the dungeon, and saw 12 of its levels.
You also visited: Bailey.

You collected 747 gold pieces.

Inventory:

Hand Weapons
 N - the +1 rapier of Neyl {venom, rN++ MP+9 Str+2}
   (You found it on level 9 of the Dungeon)

   Str+2:     It affects your strength (+2).
   rN++:      It greatly protects you from negative energy.
   MP+9:      It affects your magic capacity (+9).
Missiles
 c - 2 throwing nets
Armour
 a - a +2 cloak (worn)
 m - a +0 helmet (worn)
 v - a +1 pair of gloves (worn)
 x - the +2 pair of gloves of Filth {Rampage rCorr Int-4 SInv}
   (You found it on level 3 of the Dungeon)

   Int-4:     It affects your intelligence (-4).
   SInv:      It lets you see invisible.
   rCorr:     It protects you from acid and corrosion.
   Rampage:   It bestows one free step when moving towards enemies.
 B - a +0 kite shield
 H - the +2 robe of the Kodama {*Corrode +Blink rN+++ Dex-2}
   (You found it on level 5 of the Dungeon)

   Dex-2:     It affects your dexterity (-2).
   rN+++:     It renders you almost immune to negative energy.
   +Blink:    It lets you blink.
   *Corrode:  It may corrode you when you take damage.
 K - the +5 robe of Night (worn) {Dark Will+ SInv}
   (You found it on level 7 of the Dungeon)

   Dark:      It shrouds the wearer in darkness, reducing the range at which
   they can see and be seen by others.
   Will+:     It increases your willpower.
   SInv:      It lets you see invisible.
Magical Staves
 i - a staff of fire
 s - a staff of earth (weapon)
Jewellery
 f - a ring of protection from fire
 O - a +6 ring of intelligence
 P - a ring of protection from fire
Wands
 q - a wand of light (10)
 t - a wand of flame (64)
 D - a wand of iceblast (9)
 F - a wand of paralysis (15)
 L - a wand of mindburst (13)
Scrolls
 b - 2 scrolls of fog
 e - a scroll of blinking
 h - 3 scrolls of immolation
 k - 2 scrolls of teleportation
 n - a scroll of silence
 p - a scroll of vulnerability
 r - 3 scrolls of revelation
 w - 2 scrolls of enchant weapon
 y - 2 scrolls of amnesia
 M - 3 scrolls of enchant armour
 Q - 2 scrolls of identify
Potions
 d - a potion of resistance
 g - 2 potions of ambrosia
 j - a potion of cancellation {unknown}
 l - a potion of heal wounds {unknown}
 o - 3 potions of brilliance
 u - a potion of haste {unknown}
 z - 3 potions of degeneration
 A - 2 potions of attraction {unknown}
 C - a potion of berserk rage {unknown}
 E - 3 potions of curing {unknown}
 G - 2 potions of lignification {unknown}
 I - a potion of might {unknown}
 J - 2 potions of experience {unknown}
 S - a potion of enlightenment {unknown}
Miscellaneous
 R - a phial of floods


   Skills:
 - Level 5.0 Fighting
 - Level 2.1 Dodging
 - Level 1.5 Stealth
 * Level 15.0 Spellcasting
 * Level 15.0 Conjurations
 * Level 15.0 Hexes
 * Level 15.0 Summonings
 * Level 15.0 Necromancy
 * Level 15.0 Translocations
 * Level 15.0 Fire Magic
 * Level 15.0 Ice Magic
 * Level 15.0 Air Magic
 * Level 15.0 Earth Magic
 * Level 15.0 Alchemy


You knew the following spells:

 Your Spells              Type           Power      Damage    Failure   Level
a - Magic Dart            Conj           100%       1d8       0%          1
b - Searing Ray           Conj           100%       2d8       0%          2
c - Fulminant Prism       Conj/Alch      37%        3d17      1%          4
d - Iskenderun's Mystic   Conj/Tloc      74%        2d15      (+2d81%     4
e - Summon Small Mammal   Summ           100%       N/A       0%          1
f - Ensorcelled Hibernat  Hex/Ice        100%       N/A       0%          2
g - Tukima's Dance        Hex            74%        N/A       1%          3
h - Inner Flame           Hex/Fire       74%        N/A       1%          3
i - Cause Fear            Hex            37%        N/A       1%          4
Your spell library was empty.

Dungeon Overview and Level Annotations

Branches:
Dungeon (11/15)            Temple (1/1) D:6            Lair (0/5) D:11
    Orc (0/2) D:9          Bailey (visited)

Altars:
Ashenzari
Cheibriados
Dithmenos
Elyvilon
Fedhas
Gozag
Hepliaklqana
Makhleb
Nemelex Xobeh
Okawaru
Qazlal
Ru
Trog
Uskayaw
Wu Jian
Xom
Yredelemnul
Zin
The Shining One

Shops:
D:4 *:

Annotations:
D:6 2 transporters
D:10 2 transporters


Innate Abilities, Weirdness & Mutations

You are immune to sickness and miasma.
You are immune to poison.
Your flesh is very heat resistant. (rF++)
You are vulnerable to cold. (rC-)
You float through the air rather than walking.
You learn spells naturally, not from books.
Your magical power is your life essence.
You have superior vitality. (+4 MHP)


Message History

You erupt in a blast of force!
The mystic blast hits the cyclops but does no damage.
The cyclops is severely wounded.
The cyclops hits you!!
* * * LOW HITPOINT WARNING * * *
Casting: Iskenderun's Mystic Blast (safe; 1% risk of failure)
Confirm with . or Enter, or press ? or * to list all spells.
You erupt in a blast of force!
The mystic blast hits the cyclops.
The cyclops is almost dead.
The cyclops is knocked back by the mystic blast.
The cyclops slams into the rock wall!
The cyclops is almost dead.
* * * LOW HITPOINT WARNING * * *
Blink to where?
Press: ? - help, Dir - move target, p - cyclops
As you read the scroll of blinking, it crumbles to dust.
As you read the scroll labelled TOIQ ROEPP, it crumbles to dust.
You feel aware of your surroundings.
You sensed 1 altar.
It was a scroll of revelation.
A gnoll comes into view. It is wielding a +0 spear.
A gnoll comes into view. It is wielding a +0 club.
The gnoll moves out of view.
As you read the scroll labelled CAELOBL URUPN, it crumbles to dust.
It is a scroll of amnesia.
You feel forgetful for a moment.
As you read the scroll labelled UGGUYTWIKK, it crumbles to dust.
It is a scroll of enchant weapon.
You aren't carrying any weapons that can be enchanted.
A gnoll sergeant comes into view. It is wielding a +0 trident.
Okay, then.
As you read the scroll labelled FUQAEM FYMUC, it crumbles to dust.
You feel strangely unstable.
It was a scroll of teleportation.
The vampire completely misses you. The vampire closely misses you.
The vampire attacks as it pursues you! The vampire misses you.
The vampire bites you.
* * * LOW HITPOINT WARNING * * *
The vampire attacks as it pursues you! The vampire hits you!
* * * LOW HITPOINT WARNING * * *
The vampire bites you!
You die...

***,** **,*
####...###...#*,*,,,*
,,,,* *,*
#####.####...#,,,,,,*
*,*,** **,*
#####g####.....,,*,,,
*,**,***,**
#####.#####..#.,,,,,,
*,***,,,**
#####g#####,,,,,,,,,,
*,* *****
#####g.#####***,,**,**
,,* #...........*
*,,**,* *,**
#(###V#####.***,,**,*
,*,*
#.###@####..,**,,**,*
*,**
#.###.###.#.*,*,,**,*
*,*
#.#*...,,,,,,,,,,,,,**
*,*
#.##.###*,*,*,*,,*,,,,
,**
#.##..##**,,,**,,**,**
**
#.##~~.#***,***,,,,,,,
#.~~~.~~***,* *,**,,*,
#...~...,,,,* *,**,**,
####~.~~~~~,****
*,**,**,


You could see a vampire, a gnoll sergeant and a gnoll.

Vanquished Creatures
  Harold (D:11)
  A two-headed ogre (D:8)
  Erica (D:9)
  A boulder beetle (D:11)
  A dancing weapon (Bailey)
  Pikel (D:6)
  Maurice (D:7)
  2 komodo dragons
  A troll (D:11)
  4 dream sheep (D:7)
  Sigmund (D:2)
  2 shadows (D:7)
  A centaur simulacrum (D:11)
  16 yaks
  2 wyverns
  A wraith (D:10)
  A steam dragon (D:10)
  2 acid dragons
  A water moccasin (D:9)
  14 orc warriors
  2 sky beasts
  2 black bears
  2 ogres
  2 wolves (D:11)
  13 centaurs
  2 phantoms
  4 lemures (D:6)
  A kobold brigand (D:4)
  3 bullfrogs
  A scorpion (D:6)
  3 gnoll sergeants
  13 killer bees
  8 howler monkeys
  2 bombardier beetles (D:5)
  A jelly (D:7)
  2 hounds
  7 orc priests
  2 gnoll boudas
  2 sleepcaps
  An iguana (D:11)
  15 orc wizards
  A boggart simulacrum (D:11)
  29 gnolls
  6 adders
  2 shadow imps
  A white imp (D:11)
  4 ufetubi
  2 dart slugs
  3 ribbon worms
  48 orcs
  5 ball pythons
  3 endoplasms (D:1)
  3 giant cockroaches
  31 goblins
  34 hobgoblins
  2 jackals (D:1)
  11 kobolds
  3 quokkas
  9 bats
  2 frilled lizards
  10 rats
352 creatures vanquished.

Vanquished Creatures (collateral kills)
  Maggie (D:6)
  2 orc warriors (Bailey)
  A centaur (Bailey)
  2 gnolls (D:4)
  3 goblins (D:4)
  A kobold (D:4)
10 creatures vanquished.

Vanquished Creatures (others)
  3 dancing weapons (D:4)
  4 fulminant prisms (D:2)
7 creatures vanquished.

Grand Total: 369 creatures vanquished

Notes
Turn   | Place    | Note
-------+----------+-------------------------------------------
     0 | D:1      | smashvw the Djinni Conjurer began the quest for the Orb.
     0 | D:1      | smashvw set off with the following spells memorised: Magic
                  | Dart, Searing Ray, Fulminant Prism, Iskenderun's Mystic
                  | Blast.
     0 | D:1      | Reached XP level 1. HP: 15/15 MP: 0/0
   141 | D:1      | Reached XP level 2. HP: 17/22 MP: 0/0
   286 | D:1      | Reached skill level 1 in Fighting
   415 | D:1      | Reached XP level 3. HP: 22/27 MP: 0/0
   415 | D:1      | Learned a level 1 spell: Summon Small Mammal
  1376 | D:2      | Found a faded altar of an unknown god.
  1508 | D:2      | Reached XP level 4. HP: 29/32 MP: 0/0
  1568 | D:2      | Noticed Sigmund
  1578 | D:2      | Killed Sigmund
  1579 | D:2      | Reached skill level 5 in Spellcasting
  1579 | D:2      | Reached skill level 5 in Conjurations
  1579 | D:2      | Reached skill level 5 in Hexes
  1579 | D:2      | Reached skill level 5 in Summonings
  1579 | D:2      | Reached skill level 5 in Necromancy
  1579 | D:2      | Reached skill level 5 in Translocations
  1579 | D:2      | Reached skill level 5 in Fire Magic
  1579 | D:2      | Reached skill level 5 in Ice Magic
  1579 | D:2      | Reached skill level 5 in Air Magic
  1579 | D:2      | Reached skill level 5 in Earth Magic
  1579 | D:2      | Reached skill level 5 in Alchemy
  1579 | D:2      | Reached XP level 5. HP: 22/40 MP: 0/0
  1579 | D:2      | Learned a level 2 spell: Ensorcelled Hibernation
  1579 | D:2      | Reached XP level 6. HP: 24/45 MP: 0/0
  2496 | D:3      | Found an ornate altar of the Wu Jian Council.
  2534 | D:3      | Found a hazy altar of Hepliaklqana.
  2722 | D:3      | Identified the +2 pair of gloves of Filth {Rampage rCorr
                  | Int-4 SInv}
  2834 | D:4      | Found Feuru's Book Shoppe.
  2870 | D:4      | Found Moggethrinn's Assorted Antiques.
  3096 | D:4      | Reached XP level 7. HP: 7/50 MP: 0/0
  3096 | D:4      | Learned a level 3 spell: Tukima's Dance
  4547 | D:5      | Entered Level 5 of the Dungeon
  4581 | D:5      | Reached XP level 8. HP: 44/58 MP: 0/0
  4892 | D:5      | Identified the +2 robe of the Kodama {*Corrode +Blink rN+++
                  | Dex-2}
  5014 | D:5      | Found an iron altar of Okawaru.
  5382 | D:6      | Noticed Maggie
  5389 | D:6      | Killed Maggie
  5390 | D:6      | Reached skill level 5 in Fighting
  5476 | D:6      | Found a transporter.
  5524 | D:6      | Noticed Pikel
  5534 | D:6      | Killed Pikel
  5535 | D:6      | Reached XP level 9. HP: 16/65 MP: 0/0
  5535 | D:6      | Learned a level 3 spell: Inner Flame
  5720 | D:6      | Found a transporter.
  5746 | D:6      | Found a staircase to the Ecumenical Temple.
  5754 | Temple   | Entered the Ecumenical Temple
  5758 | Temple   | Became a worshipper of Makhleb the Destroyer
  5924 | D:6      | Found a bloodstained altar of Trog.
  6053 | D:6      | Noticed a kobold demonologist
  6764 | D:7      | Reached * piety under Makhleb
  6903 | D:7      | Reached skill level 10 in Spellcasting
  6903 | D:7      | Reached skill level 10 in Conjurations
  6903 | D:7      | Reached skill level 10 in Hexes
  6903 | D:7      | Reached skill level 10 in Summonings
  6903 | D:7      | Reached skill level 10 in Necromancy
  6903 | D:7      | Reached skill level 10 in Translocations
  6903 | D:7      | Reached skill level 10 in Fire Magic
  6903 | D:7      | Reached skill level 10 in Ice Magic
  6903 | D:7      | Reached skill level 10 in Air Magic
  6903 | D:7      | Reached skill level 10 in Earth Magic
  6903 | D:7      | Reached skill level 10 in Alchemy
  6903 | D:7      | Reached XP level 10. HP: 47/70 MP: 0/0
  7339 | D:7      | Found the +5 robe of Night {Dark Will+ SInv}
  7871 | D:7      | Noticed Maurice
  7877 | D:7      | Killed Maurice
  8416 | D:8      | Reached ** piety under Makhleb
  8572 | D:8      | Reached XP level 11. HP: 35/75 MP: 0/0
  8572 | D:8      | Learned a level 4 spell: Cause Fear
  9231 | D:8      | Noticed a two-headed ogre
  9240 | D:8      | Killed a two-headed ogre
  9781 | D:9      | Found a staircase to the Orcish Mines.
  9904 | D:9      | Found a stormy altar of Qazlal.
  9912 | D:9      | Noticed Erica
  9918 | D:9      | Killed Erica
  9969 | D:9      | Reached *** piety under Makhleb
 10105 | D:9      | Found a flagged portal.
 10114 | Bailey   | Entered a bailey
 10968 | Bailey   | Killed a +0 halberd
 11894 | D:9      | Identified the +1 rapier of Neyl {venom, rN++ MP+9 Str+2}
 12038 | D:9      | Reached **** piety under Makhleb
 12141 | D:9      | Reached XP level 12. HP: 70/81 MP: 0/0
 12455 | D:10     | Entered Level 10 of the Dungeon
 12716 | D:10     | Found a glowing golden altar of the Shining One.
 13100 | D:10     | Found a transporter.
 13103 | D:10     | Found a white marble altar of Elyvilon.
 13171 | D:10     | Found a transporter.
 13590 | D:11     | Found a staircase to the Lair.
 13713 | D:11     | Noticed a boulder beetle
 13873 | D:11     | Killed a boulder beetle
 14068 | D:11     | Noticed Harold
 14080 | D:11     | Killed Harold
 14081 | D:11     | Reached skill level 15 in Spellcasting
 14081 | D:11     | Reached skill level 15 in Conjurations
 14081 | D:11     | Reached skill level 15 in Hexes
 14081 | D:11     | Reached skill level 15 in Summonings
 14081 | D:11     | Reached skill level 15 in Necromancy
 14081 | D:11     | Reached skill level 15 in Translocations
 14081 | D:11     | Reached skill level 15 in Fire Magic
 14081 | D:11     | Reached skill level 15 in Ice Magic
 14081 | D:11     | Reached skill level 15 in Air Magic
 14081 | D:11     | Reached skill level 15 in Earth Magic
 14081 | D:11     | Reached skill level 15 in Alchemy
 14110 | D:11     | Slain by a vampire

Illustrated notes

Levels and vault maps discovered:
D:1:      evilmike_arrival_fibonacci_small, layout_loops_corners
D:2:      layout_basic, chequers_ecumenical_altar_grove, dk_noncrumbling_4,
          uniq_sigmund
D:3:      layout_basic, lemuel_round_altar, worldfamousw_hep_ancestral_shrine,
          grunt_decor_resistance, hangedman_decor_riveting,
          minmay_misc_feat_alley
D:4:      minmay_goblin_kobold_castle, layout_basic, serial_shops, shop,
          kennysheep_little_box, minmay_misc_feat_x, lightli_minifort
D:5:      layout_basic, okawaru_gym_becter
D:6:      gammafunk_wand_slinger, layout_loops_ring, overflow_temple_1_default,
          temple_green, uniq_maggie, uniq_pikel
D:7:      layout_basic, st_stairs_9, hellmonk_guarded_unrand_night, uniq_maurice
D:8:      layout_basic, minmay_hedge_maze
D:9:      layout_basic, nicolae_qazlal_general_emergency, orc_0_dummy,
          enter_bailey_6, hangedman_decor_points, uniq_erica
D:10:     layout_roguey, elyvilon_altar_4, general_overflow_altar,
          minmay_door_square
D:11:     layout_loops_ring, david_lair_shrubbed, serial_ice, serial_ice_c,
          serial_ice_n, serial_ice_g, serial_ice_f, serial_ice_j, serial_ice_m,
          fedhas_altar_1, uniq_harold
Temple:   hellmonk_temple_two_chambers

Skill      XL: |  1  2  3  4  5  6  7  8  9 10 11 12 |
---------------+-------------------------------------+-----
Fighting       | 1 2 3 4 5 |  5.0
Spellcasting   | 4 5 6 8 10 12 14 15 | 15.0
Conjurations   | 4 5 6 8 10 12 14 15 | 15.0
Hexes          | 4 5 6 8 10 12 14 15 | 15.0
Summonings     | 4 5 6 8 10 12 14 15 | 15.0
Necromancy     | 4 5 6 8 10 12 14 15 | 15.0
Translocations | 4 5 6 8 10 12 14 15 | 15.0
Fire Magic     | 4 5 6 8 10 12 14 15 | 15.0
Ice Magic      | 4 5 6 8 10 12 14 15 | 15.0
Air Magic      | 4 5 6 8 10 12 14 15 | 15.0
Earth Magic    | 4 5 6 8 10 12 14 15 | 15.0
Alchemy        | 4 5 6 8 10 12 14 15 | 15.0
Dodging        | |  2.1
Stealth        | |  1.5

Action                     |  1- 3 |  4- 6 |  7- 9 | 10-12 || total
---------------------------+-------+-------+-------+-------++-------
  Melee: Staff             |       |       |     1 |       ||     1
   Cast: Magic Dart        |    65 |    58 |   261 |   374 ||   758
         Searing Ray       |     1 |       |     4 |     4 ||     9
         Fulminant Prism   |       |     4 |       |       ||     4
         Iskenderun's Myst |       |     7 |    29 |   160 ||   196
         Ensorcelled Hiber |       |     3 |     7 |     3 ||    13
         Tukima's Dance    |       |       |    10 |     5 ||    15
         Inner Flame       |       |       |     7 |    39 ||    46
         Cause Fear        |       |       |       |     5 ||     5
    Use: Potion            |       |       |     1 |       ||     1
         Scroll            |       |       |     6 |     9 ||    15
 Armour: Robe              |     5 |     5 |    29 |    91 ||   130
  Dodge: Dodged            |     5 |     7 |    35 |    67 ||   114

Table legend: (Time is in decaauts)
 A = Elapsed time spent in this place.
 B = Non-inter-level travel time spent in this place.
 C = Inter-level travel time spent in this place.
 D = Time resting spent in this place.
 E = Time spent auto-exploring this place.
 F = Levels seen in this place.
 G = Mean time per level.
                   A        B        C        D        E       F      G
               +--------+--------+--------+--------+--------+-----+--------+
         Total |  14109 |  13767 |    342 |    916 |  11109 |  13 | 1085.3 |
       Dungeon |  12336 |  12000 |    336 |    786 |   9786 |  11 | 1121.5 |
        Temple |      8 |      2 |      6 |      0 |      0 |   1 |    8.0 |
        Bailey |   1764 |   1764 |      0 |    130 |   1323 |   1 | 1764.0 |
               +--------+--------+--------+--------+--------+-----+--------+

Top non-repeatable levels by time:
     D:7: 2447 daAuts
     D:4: 1788 daAuts
  Bailey: 1764 daAuts
    D:10: 1245 daAuts
     D:1: 1167 daAuts
     D:9: 1057 daAuts
     D:2: 987 daAuts
     D:8: 950 daAuts
     D:6: 852 daAuts
     D:5: 826 daAuts
     D:3: 602 daAuts
    D:11: 410 daAuts
  Temple: 8 daAuts
